 Dungeon Crawl Stone Soup version 0.27-a0-1177-g245c70e1c0 (webtiles) character file.

Game seed: 4695497991490340625

58 Glokmah the Chopper (level 3, 0/29 HPs)
             Began as a Demonspawn Monk on May 16, 2021.
             Was an Initiate of Ashenzari.
             Slain by a hobgoblin (3 damage)
             ... on level 2 of the Dungeon.
             The game lasted 00:02:47 (1797 turns).

Glokmah the Chopper (Demonspawn Monk)               Turns: 1797, Time: 00:02:47

Health: 0/29       AC:  2    Str: 12    XL:     3   Next: 76%
Magic:  3/3        EV: 12    Int: 11    God:    Ashenzari [......]
Gold:   61         SH:  0    Dex: 15    Spells: 2/2 levels left

rFire    . . .     SeeInvis .   a - +0 hand axe
rCold    . . .     Faith    .   (no shield)
rNeg     . . .     Spirit   .   b - +0 robe
rPois    .         Reflect  .   (no helmet)
rElec    .         Harm     .   (no cloak)
rCorr    .         Rampage  .   (no gloves)
Will     .....                  (no boots)
Stlth    ++........             (no amulet)
HPRegen  0.09/turn              (no ring)
MPRegen  0.08/turn              (no ring)

@: no status effects
A: powered by pain 1
a: Renounce Religion, Curse Item


You were on level 2 of the Dungeon.
You worshipped Ashenzari.
Ashenzari was noncommittal.
You visited 1 branch of the dungeon, and saw 2 of its levels.

You collected 61 gold pieces.

Inventory:

Hand Weapons
 a - a +0 hand axe (weapon)
Missiles
 h - 20 poisoned darts (quivered)
Armour
 b - a +0 robe (worn)
 c - a +0 buckler
Jewellery
 d - a ring of fire
Scrolls
 f - a scroll of summoning
 g - a scroll of silence
 i - a scroll of amnesia
Potions
 e - a potion of heal wounds
 j - a potion of magic


   Skills:
 + Level 3.4 Fighting
 * Level 3.5 Axes
 - Level 2.6 Dodging
 - Level 1.7 Stealth
 * Level 1.6 Shields


You had 2 spell levels left.
You didn't know any spells.
Your spell library was empty.

Dungeon Overview and Level Annotations

Branches:
Dungeon (2/15)

Altars:
Ashenzari


Innate Abilities, Weirdness & Mutations

You sometimes gain a little power by taking damage.


Message History

You hit the hobgoblin but do no damage. The bat hits you.
The hobgoblin barely misses you.
Unknown command.
You barely miss the hobgoblin. You hit the bat but do no damage.
The bat misses you. The hobgoblin hits you.
The dart slug launches a dart at you. The slug dart hits you.
The bat misses you. The bat closely misses you.
You see here a ball python corpse.
You closely miss the hobgoblin. The hobgoblin barely misses you.
You hit the hobgoblin but do no damage. The hobgoblin barely misses you.
You barely miss the hobgoblin. The hobgoblin barely misses you.
You hit the hobgoblin.
The hobgoblin is severely wounded.
The hobgoblin completely misses you. The hobgoblin barely misses you.
You hit the hobgoblin.
You kill the hobgoblin!
You hit the dart slug.
The dart slug is lightly wounded.
You hit the dart slug.
The dart slug is severely wounded.
The dart slug bites you.
You hit the dart slug.
You kill the dart slug!
You hit the hobgoblin but do no damage. The hobgoblin hits you.
* * * LOW HITPOINT WARNING * * *
You hit the hobgoblin.
The hobgoblin is moderately wounded.
The hobgoblin hits you but does no damage.
You hit the hobgoblin but do no damage.
The hobgoblin is moderately wounded.
The hobgoblin hits you.
* * * LOW HITPOINT WARNING * * *
An adder comes into view.
The adder hisses angrily.
You hit the hobgoblin but do no damage.
The hobgoblin is moderately wounded.
The hobgoblin hits you.
You die...

....?..... .# .........## ..#
..........#.... ...............
.........# .......lg# #######b##
#g# .......### #@# .......#.. #.#
......#.# #.# #......### ....
#######.# #........ .....
#.....#'##### #........
.....##...........####........
....##.....S..............#.#
..#.##...(.......#####..#.#.#
#####.#....................>#.#..


You could see an adder, a hobgoblin, a goblin, a bat and a frilled lizard.

Vanquished Creatures
  An adder (D:2)
  2 worms (D:2)
  4 dart slugs
  A bat (D:1)
  3 endoplasms (D:1)
  A giant cockroach (D:1)
  4 hobgoblins
  2 quokkas (D:2)
  4 ball pythons
  2 frilled lizards (D:1)
  5 goblins
  3 kobolds
  4 rats
36 creatures vanquished.

Notes
Turn   | Place    | Note
-------+----------+-------------------------------------------
     0 | D:1      | Glokmah the Demonspawn Monk began the quest for the Orb.
     0 | D:1      | Reached XP level 1. HP: 18/18 MP: 1/1
    39 | D:1      | Found a faded altar of an unknown god.
    49 | D:1      | Became a worshipper of Ashenzari the Shackled
   272 | D:1      | Gained mutation: You sometimes gain a little power by
                  | taking damage. [demonic ancestry]
   272 | D:1      | Reached XP level 2. HP: 24/24 MP: 2/2
   956 | D:1      | Reached skill level 1 in Shields
  1259 | D:2      | Reached XP level 3. HP: 16/29 MP: 3/3
  1797 | D:2      | Slain by a hobgoblin

Illustrated notes

Levels and vault maps discovered:
D:1:      psy_arrival_fountain, layout_loops_ring,
          hellmonk_ecumenical_altar_pennies_from_heaven
D:2:      layout_basic, minmay_pentomino_x2

Skill      XL: |  1  2 |
---------------+-------+-----
Axes           | 3 |  3.5
Shields        | 1 |  1.6
Fighting       | |  3.4
Dodging        | |  2.6
Stealth        | |  1.7

Action                   || total
-------------------------++-------
Melee: Hand axe          ||   124
Throw: Dart              ||    11
 Stab: Sleeping          ||     3
Armor: Robe              ||    17
Dodge: Dodged            ||    69

Table legend: (Time is in decaauts)
 A = Elapsed time spent in this place.
 B = Non-inter-level travel time spent in this place.
 C = Inter-level travel time spent in this place.
 D = Time resting spent in this place.
 E = Time spent auto-exploring this place.
 F = Levels seen in this place.
 G = Mean time per level.
                   A        B        C        D        E       F      G
               +--------+--------+--------+--------+--------+-----+--------+
         Total |   1819 |   1748 |     71 |    141 |   1216 |   2 |  909.5 |
       Dungeon |   1819 |   1748 |     71 |    141 |   1216 |   2 |  909.5 |
               +--------+--------+--------+--------+--------+-----+--------+

Top non-repeatable levels by time:
     D:1: 1250 daAuts
     D:2: 568 daAuts
